 Dungeon Crawl Stone Soup version 0.19.1 (webtiles) character file.

1073 Kikal the Grappler (level 8, -2/68 HPs)
             Began as a Ghoul Monk on Dec 2, 2016.
             Slain by a hound zombie (3 damage)
             ... on level 6 of the Dungeon.
             The game lasted 00:14:51 (4741 turns).

Kikal the Grappler (Ghoul Monk)                     Turns: 4741, Time: 00:14:52

Health: -2/68      AC:  6    Str: 17    XL:     8   Next: 28%
Magic:  7/7        EV: 11    Int:  5    God:
Gold:   325        SH:  0    Dex: 11    Spells: 0 memorised, 7 levels left

rFire  . . .     SeeInvis +       - Unarmed
rCold  + . .     Gourm    .     D - +0 ring mail
rNeg   + + +     Faith    .     (no shield)
rPois  ∞         Spirit   .     (no helmet)
rElec  .         Reflect  .     (no cloak)
rCorr  .         Harm     .     (no gloves)
MR     .....                    (no boots)
Stlth  +.........               v - amulet of magic regeneration
                                (no ring)
                                l - ring of see invisible

@: very slightly contaminated, rotting, hasted, very quick
A: rotting body, claws 1, carnivore 3, cold resistance 1, negative energy
resistance 3, slow regeneration 1, torment resistance, unbreathing
a: no special abilities


You were on level 6 of the Dungeon.
You were not hungry.

You visited 1 branch of the dungeon, and saw 6 of its levels.

You collected 325 gold pieces.

Inventory:

Missiles
 c - 150 stones (quivered)
 E - 13 tomahawks
Armour
 u - a +0 leather armour
 D - a +0 ring mail (worn)
 G - a +1 shield of fire resistance
Jewellery
 l - a ring of see invisible (left claw)
 p - an uncursed ring of flight
 v - an amulet of magic regeneration (around neck)
 H - an uncursed amulet of harm {unknown}
 J - an uncursed amulet of faith {unknown}
Wands
 k - a wand of lightning (10/15)
 q - a wand of iceblast (7/15)
 s - a wand of disintegration (12/24)
 C - a wand of iceblast (4/15)
 F - a wand of confusion (25/48)
Scrolls
 e - 4 scrolls of magic mapping
 g - a scroll of blinking {unknown}
 h - a scroll of teleportation {unknown}
 m - 3 scrolls of identify
 r - a scroll of amnesia {unknown}
 t - a scroll of random uselessness {unknown}
 x - a scroll of immolation {unknown}
 y - a scroll of fear {unknown}
 z - a scroll of remove curse
 I - a scroll of enchant armour {unknown}
Potions
 d - a potion of heal wounds
 f - a potion of berserk rage {unknown}
 j - a potion of mutation {unknown}
 n - a potion of haste
 o - a potion of curing {unknown}
 w - a potion of agility {unknown}
 A - a potion of resistance {unknown}
 B - a potion of ambrosia {unknown}
Comestibles
 b - 4 meat rations
 i - a beef jerky


   Skills:
 - Level 5.2 Fighting
 - Level 4.4 Armour
 - Level 2.6 Dodging
 - Level 2.1 Stealth
 + Level 8.4 Unarmed Combat


You had 7 spell levels left.
You didn't know any spells.

Dungeon Overview and Level Annotations

Branches:
Dungeon (6/15)
 Temple: D:4-7

Altars:
Ashenzari
Kikubaaqudgha
Nemelex Xobeh
Ru
The Shining One

Shops:
D:4 (   D:5 (

Annotations:
D:6 Paps's ghost, novice HEAE


Innate Abilities, Weirdness & Mutations

Your body is rotting away.
You thrive on raw meat.
You are immune to poison.
You have sharp fingernails.
You are carnivorous and can eat meat at any time.
Your flesh is cold resistant. (rC+)
You are immune to negative energy. (rN+++)
You regenerate slowly when monsters are visible.
You are immune to unholy pain and torment.
You can survive without breathing.


Message History

You scratch the ogre but do no damage.
The ogre is heavily wounded.
The hound zombie bites you but does no damage.
The orc hits the plant with a club.
You claw the ogre!
The ogre is almost dead.
The ogre hits you with a giant spiked club!!
* * * LOW HITPOINT WARNING * * *
The hound zombie misses you.
You take 24 damage, and have 3/68 hp.
MASSIVE DAMAGE!!
You scratch the ogre.
You kill the ogre!
The hound zombie bites you.
* * * LOW HITPOINT WARNING * * *
The orc is caught in a web!
You take 2 damage, and have 1/68 hp.
You start eating one of the 4 meat rations.
The hound zombie bites you.
Keep eating?
You die...

##..... .........
#....... #......
#...... #######
#.....#####P^.^.# ##
#.....##F.#Z@^.^#
.########.O..#.o._.P#
.'.....Z..##P##PP.PP#
.#######.######.PP.P#
.# #.# ####### .# #.#
Z#######o#######
....ZW....)....#
#####.h.†g.....#


You could see an orc (webbed) and a hound zombie.

Vanquished Creatures
  An ice beast (D:5)
  2 ogres
  A centaur (D:5)
  A big kobold (D:4)
  A bullfrog (D:6)
  A scorpion (D:4)
  A bullfrog zombie (D:5)
  A centaur zombie (D:5)
  An orc wizard (D:5)
  A hound (D:4)
  A centaur skeleton (D:4)
  4 worker ants
  A killer bee zombie (D:6)
  A hound zombie (D:5)
  A howler monkey zombie (D:5)
  A hound skeleton (D:5)
  A worker ant zombie (D:5)
  A howler monkey skeleton (D:4)
  9 gnolls
  5 adders
  An adder skeleton (D:4)
  5 worms
  3 dart slugs
  The ghost of dscm the Magician, a weakling OpWz (D:3)
  2 leopard geckos
  14 orcs
  2 giant cockroaches
  5 goblins
  7 hobgoblins
  2 jackals (D:4)
  5 quokkas
  6 bats
  5 frilled lizards
  4 kobolds
  8 rats
106 creatures vanquished.

Vanquished Creatures (others)
  A scorpion (D:6)
  An adder zombie (D:6)
2 creatures vanquished.

Grand Total: 108 creatures vanquished

Notes
Turn   | Place    | Note
-------+----------+-------------------------------------------
     0 | D:1      | Kikal the Ghoul Monk began the quest for the Orb.
     0 | D:1      | Reached XP level 1. HP: 19/19 MP: 0/0
   278 | D:1      | Reached XP level 2. HP: 25/26 MP: 1/1
   386 | D:1      | Reached skill level 4 in Unarmed Combat
   567 | D:1      | Reached XP level 3. HP: 27/31 MP: 2/2
   916 | D:2      | Reached skill level 5 in Unarmed Combat
  1064 | D:2      | Found a glowing golden altar of the Shining One.
  1068 | D:2      | Reached XP level 4. HP: 38/38 MP: 3/3
  1508 | D:3      | Found an ancient bone altar of Kikubaaqudgha.
  1840 | D:3      | Noticed dscm's ghost (weakling OpWz)
  1848 | D:3      | Killed dscm's ghost
  2087 | D:3      | Found a shattered altar of Ashenzari.
  2170 | D:4      | Reached skill level 6 in Unarmed Combat
  2170 | D:4      | Reached XP level 5. HP: 13/45 MP: 4/4
  2513 | D:4      | Reached skill level 1 in Armour
  2742 | D:4      | Found Vaqu's Antique Weapon Boutique.
  2783 | D:4      | Found a sparkling altar of Nemelex Xobeh.
  2802 | D:4      | Noticed a big kobold
  2833 | D:4      | Killed a big kobold
  2833 | D:4      | Reached XP level 6. HP: 51/51 MP: 5/5
  2945 | D:4      | Reached skill level 7 in Unarmed Combat
  3342 | D:5      | Entered Level 5 of the Dungeon
  3410 | D:5      | Reached XP level 7. HP: 38/57 MP: 6/6
  3529 | D:5      | Found Efeo's Weapon Emporium.
  4348 | D:5      | Reached skill level 5 in Fighting
  4378 | D:5      | Reached XP level 8. HP: 52/68 MP: 7/7
  4665 | D:6      | Noticed Paps's ghost (novice HEAE)
  4703 | D:6      | HP: 2/68 [bullfrog (2)]
  4724 | D:6      | Found a sacrificial altar of Ru.
  4733 | D:6      | Reached skill level 8 in Unarmed Combat
  4739 | D:6      | HP: 3/68 [ogre/giant spiked club (25)]
  4740 | D:6      | HP: 1/68 [hound zombie (2)]
  4741 | D:6      | Slain by a hound zombie

Skill      XL: |  1  2  3  4  5  6  7  8 |
---------------+-------------------------+-----
Unarmed Combat | 4 5 6 7 8 |  8.4
Armour         | 2 3 4 |  4.4
Fighting       | 5 |  5.2
Dodging        | |  2.6
Stealth        | |  2.1

Action                   |  1- 3 |  4- 6 |  7- 9 || total
-------------------------+-------+-------+-------++-------
Melee: Unarmed           |   117 |   161 |   130 ||   408
       Punch             |       |     6 |     2 ||     8
Throw: Stone             |       |     3 |       ||     3
Evoke: Wand              |       |     2 |       ||     2
  Use: Scroll            |       |     2 |     1 ||     3
       Potion            |       |       |     2 ||     2
 Stab: Sleeping          |     5 |     2 |       ||     7
       Held in net/web   |       |       |     1 ||     1
  Eat: Chunk             |     9 |    13 |     7 ||    29
Armor: Robe              |    19 |     4 |       ||    23
       Leather armour    |       |    13 |       ||    13
       Ring mail         |       |       |    25 ||    25
Dodge: Dodged            |    74 |    84 |    61 ||   219
